 Dungeon Crawl Stone Soup version 0.17-a0-1882-g750edc8 (webtiles) character file.

1298 kae the Archer (level 8, -6/50 HPs)
             Began as a High Elf Hunter on Sept 22, 2015.
             Killed by divine providence
             ... invoked by an orc priest
              (11 damage)
             ... on level 5 of the Dungeon.
             The game lasted 00:13:43 (7581 turns).

kae the Archer (High Elf Hunter)                    Turns: 7581, Time: 00:13:43

Health: -6/50      AC: 11    Str: 11    XL:     8   Next: 31%
Magic:  9/9        EV: 12    Int: 14    God:
Gold:   201        SH:  0    Dex: 19    Spells: 0 memorised, 7 levels left

rFire  . . .     SeeInvis .     b - +0 dagger (protect)
rCold  . . .     Clarity  .     l - +1 leather armour
rNeg   . . .     SustAt   .     (no shield)
rPois  .         Gourm    .     (no helmet)
rElec  .         Spirit   .     o - +0 cloak
rCorr  .         Warding  .     (no gloves)
rMut   .         Stasis   .     (no boots)
MR     .....                    (no amulet)
Stlth  ++........               m - +1 ring of protection
                                A - ring of wizardry

@: not resistant to hostile enchantments, unstealthy
A: no striking features
a: no special abilities


You were on level 5 of the Dungeon.
You were not hungry.

You visited 1 branch of the dungeon, and saw 6 of its levels.

You collected 256 gold pieces.
You spent 55 gold pieces at shops.

Inventory:

Hand weapons
 a - a +1 shortbow
 b - a +0 dagger of protection (weapon)
 g - a +0 hunting sling of freezing
 t - a +0 short sword
Armour
 l - a +1 leather armour (worn)
 o - a +0 cloak (worn)
Jewellery
 m - a +1 ring of protection (right hand)
 A - a ring of wizardry (left hand)
Scrolls
 d - a scroll of remove curse
 j - 2 scrolls of amnesia
 k - a scroll of recharging
 n - 2 scrolls of identify
Potions
 v - 3 potions of cancellation
Books
 c - a book of Maledictions

   Spells                             Type                      Level
   a - Corona                         Hexes                        1
   b - Ensorcelled Hibernation        Hexes/Ice                    2
   c - Confuse                        Hexes                        3
   d - Tukima's Dance                 Hexes                        3
   e - Dazzling Spray                 Conjuration/Hexes            3
Comestibles
 e - 3 bread rations
 f - 2 slices of pizza
 i - 2 beef jerkies
 r - a royal jelly
 s - 2 meat rations


   Skills:
 - Level 2.0 Fighting
 + Level 13.6 Bows
 - Level 2.1 Dodging
 - Level 1.1 Stealth


You had 7 spell levels left.
You didn't know any spells.

Dungeon Overview and Level Annotations

Branches:
Dungeon (6/15)
 Temple: D:4-7

Altars:
Ashenzari
Nemelex Xobeh
Qazlal
Trog

Shops:
D:4 !

Annotations:
D:3 Grinder


Message History

You hit the orc priest but do no damage.
The orc priest is moderately wounded.
The orc priest hits you with a hand axe.
* * * LOW HITPOINT WARNING * * *
You closely miss the orc priest.
The orc priest is moderately wounded.
The orc priest barely misses you.
You barely miss the orc priest.
The orc priest is moderately wounded.
The orc priest hits you but does no damage.
You hit the orc priest but do no damage.
The orc priest is moderately wounded.
You hit the orc priest but do no damage.
The orc priest is moderately wounded.
The orc priest hits you but does no damage.
You hit the orc priest but do no damage.
The orc priest is moderately wounded.
The orc priest invokes the aid of Beogh against you.
Something smites you!
You die...

#............####.............##.
#.....###.##...##............###.
#.....##..##.#..#...........#####
#.....##.###..#...........8......
#........# ##..##............####
#....##### ##..(...>............
#...## ###...#........######.
.....# #...#...........# ##
.....#######.###@o.........#
.............# #...........######
.....[######## ##................
####### #..........#####.
##........## #.. ##..[...## #.#
######## #.# #.# #.#


You could see an orc priest.

Vanquished Creatures
  An ice beast (D:5)
  A black bear (D:6)
  2 ogres
  A centaur (D:5)
  A giant frog (D:5)
  A crimson imp (D:5)
  2 orc priests (D:4)
  2 hounds
  A giant frog zombie (D:5)
  Ijyb (D:3)
  A jelly (D:5)
  A giant frog skeleton (D:5)
  6 worker ants
  Terence (D:5)
  3 orc wizards (D:3)
  A hound zombie (D:5)
  2 hound skeletons
  2 worker ant zombies (D:5)
  3 adders
  4 gnolls (D:4)
  2 oozes (D:3)
  2 adder zombies (D:5)
  A worm (D:3)
  4 giant geckos
  18 orcs
  14 hobgoblins
  7 jackals
  3 quokkas
  7 bats
  4 giant cockroaches
  2 giant gecko zombies (D:5)
  8 giant newts
  10 goblins
  8 kobolds
  A quokka skeleton (D:5)
  A quokka zombie (D:5)
  8 rats
137 creatures vanquished.

Notes
Turn   | Place    | Note
--------------------------------------------------------------
     0 | D:1      | kae the High Elf Hunter began the quest for the Orb.
     0 | D:1      | Reached XP level 1. HP: 14/14 MP: 2/2
   167 | D:1      | Reached XP level 2. HP: 19/19 MP: 3/3
   249 | D:1      | Reached skill level 6 in Bows
   755 | D:2      | Reached XP level 3. HP: 24/24 MP: 4/4
   759 | D:2      | Found a sparkling altar of Nemelex Xobeh.
   759 | D:2      | Found a shattered altar of Ashenzari.
  1225 | D:3      | Reached skill level 7 in Bows
  1225 | D:3      | Reached XP level 4. HP: 27/29 MP: 5/5
  1479 | D:3      | Reached skill level 8 in Bows
  1746 | D:3      | Reached XP level 5. HP: 34/34 MP: 6/6
  1962 | D:3      | Found a stormy altar of Qazlal.
  2009 | D:3      | Noticed Terence
  2294 | D:3      | Noticed Ijyb
  2455 | D:3      | Noticed Grinder
  2645 | D:3      | Killed Ijyb
  2645 | D:3      | Reached skill level 9 in Bows
  3421 | D:4      | Found a bloodstained altar of Trog.
  3560 | D:4      | Found Jidat's Distillery.
  3573 | D:4      | Reached XP level 6. HP: 29/39 MP: 7/7
  3800 | D:4      | Bought a potion of curing for 33 gold pieces
  3800 | D:4      | Bought a potion of poison for 11 gold pieces
  3800 | D:4      | Bought a potion of degeneration for 11 gold pieces
  4049 | D:4      | Reached skill level 10 in Bows
  4120 | D:4      | Noticed an ogre
  4146 | D:4      | Killed an ogre
  4826 | D:3      | Reached XP level 7. HP: 27/45 MP: 8/8
  5272 | D:4      | Reached skill level 11 in Bows
  5463 | D:5      | Entered Level 5 of the Dungeon
  5715 | D:5      | HP: 2/67 [worker ant (4)]
  6279 | D:5      | Reached skill level 12 in Bows
  6829 | D:5      | Killed Terence
  6885 | D:5      | Reached XP level 8. HP: 38/50 MP: 9/9
  7279 | D:6      | Reached skill level 13 in Bows
  7581 | D:5      | Killed from afar by an orc priest

Vault maps used:
D:1:      sevenhm_arrival_forest_fort_large_2
D:2:      grunt_temple_overflow_open
D:3:      nicolae_gozag_cash_rules_everything_around_me,
          nicolae_overflow_hidden_temple, elyvilon_altar_1, uniq_iyjb,
          uniq_grinder, uniq_terence
D:4:      serial_shops, shop, grunt_ministairs_11, trog_butcher_becter
D:5:      first_bread, serial_undead, serial_undead_f, serial_undead_d,
          serial_undead_f, serial_undead_e, serial_undead_f, serial_undead_a
D:6:      nicolae_overflow_crystal_walls, kennysheep_mini_moat

Action                   |  1- 3 |  4- 6 |  7- 9 || total
-------------------------+-------+-------+-------++-------
Melee: Short sword       |       |    31 |       ||    31
       Dagger            |       |   375 |   296 ||   671
 Fire: Shortbow          |    86 |   131 |   101 ||   318
Throw: Stone             |       |       |    10 ||    10
  Use: Scroll            |       |    12 |     2 ||    14
       Potion            |       |     7 |     1 ||     8
 Stab: Sleeping          |       |     1 |     2 ||     3
  Eat: Chunk             |       |    12 |     5 ||    17
       Meat ration       |       |       |     1 ||     1
